 Dungeon Crawl Stone Soup version 0.27.1-34-g3ba077fa99 (webtiles) character file.

Game seed: 13822754882644245436

95 croobank the Grave Robber (level 4, 0/30 HPs)
             Began as a Mummy Necromancer on Jan 27, 2022.
             Was a Believer of Cheibriados.
             Slain by a gnoll (1 damage)
             ... on level 4 of the Dungeon.
             The game lasted 00:11:20 (2661 turns).

croobank the Grave Robber (Mummy Necromancer)       Turns: 2661, Time: 00:11:21

Health: 0/30       AC:  3    Str: 16    XL:     4   Next: 39%
Magic:  3/10       EV: 12    Int: 20    God:    Cheibriados [**....]
Gold:   97         SH:  0    Dex: 17    Spells: 6/11 levels left

rFire    x . .     SeeInvis .   k - staff of air
rCold    + . .     Faith    .   (no shield)
rNeg     + + +     Spirit   .   a - +0 robe
rPois    ∞         Reflect  .   (no helmet)
rElec    +         Harm     .   (no cloak)
rCorr    .         Rampage  .   (no gloves)
Will     .....                  f - +0 pair of boots
Stlth    ++........             (no amulet)
HPRegen  0.10/turn              g - ring of flight
MPRegen  0.12/turn              (no ring)

@: flying, very slow
A: cold resistance 1, negative energy resistance 3, torment resistance 2, heat
vulnerability 1, no potions
a: Renounce Religion, Bend Time


You were on level 4 of the Dungeon.
You worshipped Cheibriados.
Cheibriados was pleased with you.
You visited 1 branch of the dungeon, and saw 4 of its levels.

You collected 97 gold pieces.

Inventory:

Missiles
 c - 4 javelins
 e - 16 arrows
Armour
 a - a +0 robe (worn)
 b - a +0 ring mail
 f - a +0 pair of boots (worn)
Magical Staves
 k - a staff of air (weapon)
Jewellery
 g - a ring of flight (left hand)
Scrolls
 d - a scroll of enchant armour {unknown}
 h - 2 scrolls of noise {unknown}
 i - a scroll of identify {unknown}
 j - a scroll of amnesia {unknown}


   Skills:
 - Level 1.5 Dodging
 - Level 1.5 Stealth
 * Level 4.4 Spellcasting
 * Level 5.1 Necromancy


You had 6 spell levels left.
You knew the following spells:

 Your Spells              Type           Power      Damage    Failure   Level
a - Pain                  Necr           96%        1d8       1%          1
b - Animate Skeleton      Necr           48%        N/A       1%          1
c - Vampiric Draining     Necr           12%        2d7       4%          3

Your spell library contained the following spells:

 Spells                   Type           Power      Damage    Failure   Level
 Freeze                   Ice            16%        1d4       12%         1
 Animate Dead             Necr           12%        N/A       16%         4
 Frozen Ramparts          Ice            8%         1d2       36%         3
 Agony                    Necr           24%        N/A       38%         5
 Hailstorm                Conj/Ice       4%         3d4       77%         4


Dungeon Overview and Level Annotations

Branches:
Dungeon (4/15)
 Temple: D:4-7

Altars:
Cheibriados

Annotations:
D:3 Sigmund


Innate Abilities, Weirdness & Mutations

You are immune to poison.
Your flesh is cold resistant. (rC+)
You are immune to negative energy. (rN+++)
You are immune to unholy pain and torment.
You are vulnerable to heat. (rF-)
You do not drink.


Message History

The endoplasm closely misses you.
Aiming: Pain (safe; 1% risk of failure)
Press: ? - help, Q - select action, (/) - cycle Shift-Dir - straight line, f/p - endoplasm
Aim: an endoplasm (heavily wounded, chance to affect: 93%)
The endoplasm writhes in agony.
The endoplasm hits you.
Aiming: Pain (safe; 1% risk of failure)
Press: ? - help, Q - select action, (/) - cycle Shift-Dir - straight line, f/p - endoplasm
Aim: an endoplasm (heavily wounded, chance to affect: 93%)
The endoplasm writhes in agony.
You kill the endoplasm!
Cheibriados appreciates the change of pace.
The gnoll closely misses you.
The gnoll hits you with a +1 whip of flaming.
The gnoll burns you. The gnoll barely misses you. The gnoll closely misses you.
The gnoll barely misses you. The gnoll misses you.
Aiming: Pain (safe; 1% risk of failure)
Press: ? - help, Q - select action, (/) - cycle Shift-Dir - straight line, f - gnoll
Aim: a gnoll, wielding a +1 whip of flaming (chance to affect: 88%)
The gnoll writhes in agony.
The gnoll barely misses you.
Aiming: Pain (safe; 1% risk of failure)
Press: ? - help, Q - select action, (/) - cycle Shift-Dir - straight line, f/p - gnoll
Aim: a gnoll, wielding a +1 whip of flaming (lightly wounded, chance to affect: 88%)
The gnoll writhes in agony.
The gnoll hits you with a +1 whip of flaming!
The gnoll burns you.
* * * LOW HITPOINT WARNING * * *
The gnoll hits you with a +1 whip of flaming.
* * * LOW HITPOINT WARNING * * *
The gnoll burns you.
* * * LOW HITPOINT WARNING * * *
There is a stone staircase leading up here.
The gnoll hits you with a +1 whip of flaming.
* * * LOW HITPOINT WARNING * * *
The gnoll burns you.
You die... ################## ...........gSw.g@# ##################

You could see a worm, a gnoll, a hobgoblin and a ball python.

Vanquished Creatures
  Jessica (D:2)
  3 adders
  A dart slug (D:2)
  An orc (D:3)
  5 ball pythons
  A bat (D:2)
  4 endoplasms
  2 giant cockroaches
  6 goblins
  2 hobgoblins
  2 quokkas
  2 frilled lizards
  2 kobolds
  8 rats
40 creatures vanquished.

Notes
Turn   | Place    | Note
-------+----------+-------------------------------------------
     0 | D:1      | croobank the Mummy Necromancer began the quest for the Orb.
     0 | D:1      | Reached XP level 1. HP: 13/13 MP: 4/4
    32 | D:1      | Found a faded altar of an unknown god.
   179 | D:1      | Learned a level 1 spell: Animate Skeleton
   186 | D:1      | Became a worshipper of Cheibriados the Contemplative
   186 | D:1      | Reached * piety under Cheibriados
   403 | D:1      | Reached XP level 2. HP: 19/19 MP: 4/6
  1014 | D:2      | Noticed Jessica
  1018 | D:2      | Killed Jessica
  1019 | D:2      | Reached XP level 3. HP: 24/24 MP: 5/8
  1027 | D:2      | Learned a level 3 spell: Vampiric Draining
  1259 | D:2      | Reached ** piety under Cheibriados
  1532 | D:2      | Reached XP level 4. HP: 30/30 MP: 7/10
  2259 | D:3      | Reached skill level 5 in Necromancy
  2305 | D:3      | Noticed Sigmund
  2661 | D:4      | HP: 1/30 [gnoll (3)]
  2661 | D:4      | Slain by a gnoll

Illustrated notes

Levels and vault maps discovered:
D:1:      lordsloth_arrival_two_stooges, layout_basic,
          dreamdust_ecumenical_altar_grove, minmay_misc_feat_alley,
          minmay_rat_gold_closets
D:2:      layout_basic, serial_curves, eino_curves_04, eino_curves_01,
          eino_curves_04, eino_curves_02, uniq_jessica
D:3:      layout_rooms, roderic_nine_men_s_morris, grunt_decor_cap, uniq_sigmund
D:4:      minmay_opposing_rooms, layout_basic, chequers_serial_rivers_room_a

Skill      XL: |  1  2  3  4 |
---------------+-------------+-----
Spellcasting   | 3 4 |  4.4
Necromancy     | 5 |  5.1
Dodging        | |  1.5
Stealth        | |  1.5

Action                   |  1- 3 |  4- 6 || total
-------------------------+-------+-------++-------
Melee: Unarmed           |     4 |       ||     4
 Cast: Pain              |    51 |    27 ||    78
       Animate Skeleton  |     2 |     1 ||     3
Armor: Robe              |     1 |     2 ||     3
Dodge: Dodged            |     9 |    13 ||    22
